 Dungeon Crawl Stone Soup version 0.29.1-15-g9cfb28693d (webtiles) character file.

Game seed: 62119891870916730

3663 ChrisAssaf the Firebug (level 9, -1/63 HPs)
             Began as a Black Draconian Fire Elementalist on Apr 19, 2023.
             Was a Follower of Yredelemnul.
             Slain by a hornet (6 damage)
             ... on level 9 of the Dungeon.
             The game lasted 00:37:28 (9718 turns).

ChrisAssaf the Firebug (DrFE)                       Turns: 9718, Time: 00:37:28

Health: -1/63      AC: 14    Str: 13    XL:     9   Next: 89%
Magic:  0/17       EV: 13    Int: 17    God:    Yredelemnul [*.....]
Gold:   322        SH:  0    Dex: 16    Spells: 0/19 levels left

rFire   . . .      SeeInvis .   t - +2 dagger of the Gnashing Fool {flame, Dex+4}
rCold   . . .      Faith    .   (no shield)
rNeg    . . .      Spirit   +   (body armour unavailable)
rPois   .          Reflect  .   (helmet restricted)
rElec   +          Harm     .   (no cloak)
rCorr   .          Rampage  .   (no gloves)
Will    .....                   g - +2 pair of boots
Stlth   +++.......              w - amulet of guardian spirit
HPRegen 0.20/turn               e - +4 ring of slaying
MPRegen 0.15/turn               j - +4 ring of protection

@: lethally poisoned (-1 -> -31), slowed, very slow
A: breathe lightning, AC +7, unfitting armour, electricity resistance,
cold-blooded, deterioration 1, frail 1, MP-powered wands
a: Breathe Lightning, Renounce Religion, Recall Undead Harvest


You were on level 9 of the Dungeon.
You worshipped Yredelemnul.
Yredelemnul was noncommittal.
You visited 1 branch of the dungeon, and saw 9 of its levels.

You collected 490 gold pieces.
You spent 168 gold pieces at shops.

Inventory:

Hand Weapons
 q - a +0 sling of venom
 t - the +2 dagger of the Gnashing Fool (weapon) {flame, Dex+4}
   (You bought it in a shop on level 4 of the Dungeon)

   It burns those it strikes, dealing additional fire damage.
   Dex:       It affects your dexterity (+4).
Missiles
 a - 3 silver javelins
 B - a curare-tipped dart (quivered)
 J - 3 silver boomerangs
Armour
 g - a +2 pair of boots (worn)
Jewellery
 e - a +4 ring of slaying (left hand)
 f - a ring of ice
 j - a +4 ring of protection (right hand)
 w - an amulet of guardian spirit (around neck)
 C - a ring of magical power
 I - a ring of wizardry
Wands
 z - a wand of paralysis (8)
 F - a wand of flame (15)
 H - a wand of light (15)
 K - a wand of polymorph (9)
Scrolls
 b - a scroll of vulnerability
 k - 3 scrolls of enchant armour
 l - a scroll of fog
 n - a scroll of poison
 v - a scroll of teleportation
 y - a scroll of silence
 A - a scroll of magic mapping
 D - a scroll of enchant weapon
Potions
 c - 5 potions of heal wounds {unknown}
 d - 2 potions of brilliance {unknown}
 h - a potion of invisibility {unknown}
 i - a potion of lignification
 m - a potion of degeneration {unknown}
 o - a potion of flight
 p - 2 potions of mutation
 r - 6 potions of curing
 s - a potion of might {unknown}
 x - a potion of cancellation
 E - a potion of berserk rage {unknown}
 G - a potion of experience {unknown}
 L - a potion of haste


   Skills:
 * Level 3.4 Fighting
 * Level 2.3 Short Blades
 * Level 3.3 Ranged Weapons
 * Level 2.9 Throwing
 * Level 3.7 Dodging
 * Level 3.9 Stealth
 * Level 5.8 Spellcasting
 * Level 3.8 Conjurations
 * Level 2.6 Hexes
 * Level 0.4 Transmutations
 * Level 6.9 Fire Magic
 * Level 0.4 Air Magic
 * Level 0.5 Poison Magic
 * Level 3.3 Invocations
 * Level 3.5 Evocations


You couldn't memorise any spells.
You knew the following spells:

 Your Spells              Type           Power      Damage    Failure   Level
a - Irradiate             Conj/Tmut      6%         3d13      83%         5
b - Scorch                Fire           56%        2d8       1%          2
c - Inner Flame           Hex/Fire       21%        N/A       5%          3
e - Mephitic Cloud        Conj/Pois/Air  10%        N/A       21%         3
f - Ignite Poison         Fire/Tmut/Pois 13%        N/A       13%         3
g - Tukima's Dance        Hex            14%        N/A       13%         3

Your spell library contained the following spells:

 Spells                   Type           Power      Damage    Failure   Level
 Foxfire                  Conj/Fire      92%        2x1d8     1%          1
 Slow                     Hex            56%        N/A       4%          1
 Conjure Flame            Conj/Fire      23%        6-21      4%          3
 Necrotise                Necr           16%        1d4       13%         1
 Confusing Touch          Hex            14%        N/A       13%         3
 Flame Wave               Conj/Fire      23%        2d8       14%         4
 Poisonous Vapours        Pois/Air       12%        N/A       16%         2
 Blink                    Tloc           8%         N/A       21%         2
 Sublimation of Blood     Necr           4%         N/A       21%         2
 Lesser Beckoning         Tloc           4%         N/A       36%         3
 Ozocubu's Armour         Ice            4%         N/A       36%         3
 Vampiric Draining        Necr           4%         2d6       36%         3
 Corpse Rot               Necr/Pois/Air  6%         N/A       75%         4
 Petrify                  Tmut/Erth      5%         N/A       75%         4
 Passage of Golubria      Tloc           4%         N/A       78%         4
 Yara's Violent Unravell  Hex/Tmut       5%         3d4       88%         5
 Freezing Cloud           Conj/Ice/Air   4%         6-21      90%         5
 Agony                    Necr           4%         N/A       98%         5
 Manifold Assault         Tloc           4%         N/A       98%         5
 Ozocubu's Refrigeration  Ice            2%         4d7       100%        7


Dungeon Overview and Level Annotations

Branches:
Dungeon (9/15)             Temple (0/1) D:5             Orc (0/2) D:9
   Lair: D:8-11

Altars:
Dithmenos
Fedhas
Gozag
Hepliaklqana
Makhleb
Nemelex Xobeh
Qazlal
Ru
Sif Muna
Vehumet
Wu Jian
Yredelemnul
The Shining One
Lugonu

Shops:
D:4 (   D:8 :

Portals:
Abyss: D:7


Innate Abilities, Weirdness & Mutations

You can breathe wild blasts of lightning.
Your glossy black scales are hard. (AC +7)
You cannot fit into any form of body armour.
You are resistant to electric shocks. (rElec)
You are cold-blooded and may be slowed by cold attacks.
Your body sometimes deteriorates upon taking damage.
You are frail. (-10% HP)
You expend magic power (3 MP) to strengthen your wands.


Message History

You feel yourself wasting away.
You feel frail.
You feel your magical essence link to the dungeon's wands.
You feel sick.
Your killer bee zombie barely misses the hornet.
The killer bee stings you but does no damage.
The hornet stings your killer bee zombie!!
Your killer bee zombie is destroyed!
Your killer bee zombie hits the killer bee but does no damage.
Your howler monkey zombie closely misses the killer bee.
Your killer bee zombie completely misses the killer bee.
It was a potion of cancellation.
You feel magically purged.
You feel sick. The killer bee misses you. The killer bee completely misses you.
Your killer bee zombie completely misses the killer bee.
The hornet stings you!
* * * LOW HITPOINT WARNING * * *
You feel yourself slow down. The killer bee barely misses you. x2
Your howler monkey zombie completely misses the killer bee.
Your killer bee zombie hits the killer bee but does no damage.
It was a potion of curing.
You feel better. The killer bee barely misses you. The killer bee stings you.
* * * LOW HITPOINT WARNING * * *
You are poisoned.
The killer bee poisons you!
The hornet stings you but does no damage.
Your killer bee zombie misses the killer bee.
The killer bee stings you.
* * * LOW HITPOINT WARNING * * *
The killer bee barely misses you. The hornet stings you.
* * * LOW HITPOINT WARNING * * *
You are lethally poisoned!
You feel as though you will be slow longer.
Your howler monkey zombie closely misses the killer bee.
Your killer bee zombie hits the killer bee.
The killer bee stings you but does no damage.
The killer bee stings you.
* * * LOW HITPOINT WARNING * * *
You are more poisoned.
The killer bee poisons you! The hornet stings you.
You die...
Your body rises from the dead as a mindless zombie.

****+,,*
*,~~~,*,,**,###..##....#
,,,,,,,*
*,~~~,*...,,#.....h.##..
,,,,,,,*
*,~~~,*$?.,,#......yZ...
*,******
**,~,**.y,,,#......yy... *,*
**,***..,,,#......##### *,*
*****####*##.,,,.....#..#
*,***,,,*#...*#.##*...#######
,,**,,*,*#...##yy#Z...:#*
*,*,~~~,,#.....Z@y......*
*,,,,,,,*#......##.##..#*
*,*******##.....#*##,,,*
*,*******#......# **,,***
,,,,,,,....###.## *,,,,,*
,,,,,,,=.#** #.# *,,,,,*
,,,**,,.** ### **,,,,*
*,,,,,,,* ****** ,,,,,,,,*


You could see a hornet, 2 killer bees, a friendly killer bee zombie and a
friendly howler monkey zombie.

Vanquished Creatures
  A hornet (D:7)
  Sigmund (D:5)
  A water moccasin (D:7)
  2 orc warriors
  2 black bears (D:6)
  3 ogres
  2 sky beasts (D:7)
  A centaur (D:9)
  2 phantoms
  3 kobold brigands
  Blork the orc (D:5)
  A gnoll sergeant (D:6)
  5 bullfrogs
  2 scorpions (D:6)
  A jelly (D:6)
  5 killer bees (D:9)
  A howler monkey (D:9)
  A bullfrog zombie (D:5)
  3 orc priests
  A gnoll bouda (D:5)
  4 hounds
  Natasha (thrice) (D:2)
  An iguana (D:6)
  6 orc wizards
  A killer bee zombie (D:9)
  2 hound zombies (D:6)
  A spectral orc (D:8)
  9 adders
  8 gnolls
  A white imp (D:5)
  An ufetubus (D:4)
  A human zombie (D:5)
  An adder zombie (D:5)
  A spectral gnoll (D:6)
  A spectral white imp (D:5)
  A worm (D:4)
  3 dart slugs
  23 orcs
  3 ball pythons (D:3)
  3 bats
  An endoplasm (D:4)
  A giant cockroach (D:4)
  2 gnoll zombies (D:6)
  8 goblins
  5 hobgoblins
  23 kobolds
  2 quokkas (D:3)
  4 frilled lizards (D:3)
  3 kobold zombies (D:8)
  10 orc zombies
  2 rats
  A lurking horror (D:7)
175 creatures vanquished.

Vanquished Creatures (collateral kills)
  A water moccasin (D:7)
  A jelly (D:6)
  A howler monkey (D:9)
  A bullfrog zombie (D:7)
  3 orc priests
  2 iguanas
  An adder (D:4)
  2 orcs
  2 kobolds
  2 ball pythons
  A rat (D:1)
  A lurking horror (D:7)
18 creatures vanquished.

Vanquished Creatures (others)
  A centaur zombie (D:9)
  A killer bee zombie (D:9)
  2 gnoll zombies (D:5)
  An adder zombie (D:4)
  2 kobold zombies
  4 orc zombies
  A quokka zombie (D:3)
  A spectral orc (D:3)
  33 foxfires
  20 plants
66 creatures vanquished.

Grand Total: 259 creatures vanquished

Notes
Turn   | Place    | Note
-------+----------+-------------------------------------------
     0 | D:1      | ChrisAssaf the Draconian Fire Elementalist began the quest
                  | for the Orb.
     0 | D:1      | Reached XP level 1. HP: 14/14 MP: 3/3
   459 | D:1      | Found a faded altar of an unknown god.
   464 | D:1      | Reached XP level 2. HP: 20/20 MP: 3/5
   467 | D:1      | Learned a level 2 spell: Scorch
   476 | D:1      | Prayed at the altar of an unknown god.
   476 | D:1      | Became a worshipper of Yredelemnul the Dark
   476 | D:1      | Reached * piety under Yredelemnul
  1363 | D:2      | Reached XP level 3. HP: 26/26 MP: 3/6
  1367 | D:2      | Learned a level 3 spell: Inner Flame
  1504 | D:2      | Noticed Natasha
  1508 | D:2      | Killed Natasha
  1880 | D:2      | Noticed Natasha
  1884 | D:2      | Killed Natasha
  1885 | D:2      | Reached skill level 4 in Fire Magic
  1885 | D:2      | Reached XP level 4. HP: 33/33 MP: 2/7
  1980 | D:2      | Noticed Natasha
  1984 | D:2      | Killed Natasha
  2370 | D:3      | Reached XP level 5. HP: 37/38 MP: 1/8
  2590 | D:3      | Identified the +4 dagger "Vaelutyv" {holy, rPois rN+ Will-}
  3064 | D:3      | Reached ** piety under Yredelemnul
  3190 | D:3      | Found an ornate altar of the Wu Jian Council.
  3404 | D:4      | Found a blossoming altar of Fedhas.
  3414 | D:4      | Noticed an ogre
  3420 | D:4      | Reached skill level 1 in Invocations
  3423 | D:4      | Noticed a phantom
  3437 | D:4      | Killed a phantom
  3438 | D:4      | Reached XP level 6. HP: 45/46 MP: 1/10
  3452 | D:4      | Reached skill level 1 in Fighting
  3452 | D:4      | Reached skill level 1 in Ranged Weapons
  3452 | D:4      | Reached skill level 1 in Hexes
  3452 | D:4      | Reached skill level 5 in Fire Magic
  3452 | D:4      | Reached skill level 1 in Evocations
  3457 | D:4      | Learned a level 4 spell: Flame Wave
  3710 | D:4      | Found a shimmering blue altar of Sif Muna.
  4073 | D:4      | Found a shimmering blue altar of Sif Muna.
  4122 | D:4      | Found a shadowy altar of Dithmenos.
  4211 | D:4      | Reached *** piety under Yredelemnul
  4227 | D:4      | Found Hischy's Antique Weapon Boutique.
  4244 | D:4      | Bought an ichor-stained dagger for 168 gold pieces
  4244 | D:4      | Identified the +2 dagger of the Gnashing Fool {flame,
                  | Dex+4} (You bought it in a shop on level 4 of the Dungeon)
  4506 | D:4      | Reached skill level 1 in Throwing
  4506 | D:4      | Your scales start taking on a glossy black colour.
  4506 | D:4      | Reached XP level 7. HP: 52/52 MP: 6/11
  4506 | D:4      | Gained mutation: You are resistant to electric shocks.
                  | (rElec) [Black Draconian growth]
  4767 | D:5      | Entered Level 5 of the Dungeon
  4796 | D:5      | Noticed Sigmund
  4810 | D:5      | Killed Sigmund
  5049 | D:5      | Reached skill level 1 in Short Blades
  5060 | D:5      | Found a sacrificial altar of Ru.
  5120 | D:5      | Reached XP level 8. HP: 59/61 MP: 6/13
  5245 | D:5      | Found a glowing golden altar of the Shining One.
  5260 | D:5      | Noticed Blork the orc
  5267 | D:5      | Killed Blork the orc
  5375 | D:5      | Found a staircase to the Ecumenical Temple.
  5846 | D:6      | Found an opulent altar of Gozag.
  6307 | D:6      | You fall into a shaft and drop 2 floors!
  6478 | D:6      | Reached skill level 6 in Fire Magic
  6676 | D:6      | Learned a level 3 spell: Mephitic Cloud
  6680 | D:6      | Learned a level 3 spell: Ignite Poison
  6786 | D:6      | Reached XP level 9. HP: 68/68 MP: 7/16
  6888 | D:6      | Found a stormy altar of Qazlal.
  6894 | D:6      | Found a sparkling altar of Nemelex Xobeh.
  7235 | D:6      | Reached skill level 5 in Spellcasting
  7900 | D:7      | Found a one-way gate to the infinite horrors of the Abyss.
  7901 | D:7      | Found a corrupted altar of Lugonu.
  8566 | D:8      | Found Waczaahaph's Book Shoppe.
  9017 | D:8      | Found a radiant altar of Vehumet.
  9061 | D:8      | Found a burning altar of Makhleb.
  9287 | D:8      | Found a hazy altar of Hepliaklqana.
  9658 | D:8      | Learned a level 3 spell: Tukima's Dance
  9672 | D:8      | Learned a level 5 spell: Irradiate
  9716 | D:9      | Gained mutation: Your body sometimes deteriorates upon
                  | taking damage. [potion of mutation]
  9716 | D:9      | Gained mutation: You are frail. (-10% HP) [potion of
                  | mutation]
  9716 | D:9      | Gained mutation: You expend magic power (3 MP) to
                  | strengthen your wands. [potion of mutation]
  9718 | D:9      | Slain by a hornet

Illustrated notes

Levels and vault maps discovered:
D:1:      dpeg_arrival_morbid_curiosity, layout_loops_ring,
          basic_ecumenical_altar, corner_web_ring
D:2:      layout_rooms, uniq_natasha
D:3:      wad_river_or_something, layout_basic, general_overflow_altar
D:4:      minmay_door_path, layout_basic, led_sif_pool,
          nicolae_dithmenos_the_darkroom, fedhas_ov_isle_minmay, serial_shops,
          nicolae_lakefront_shop, minmay_ruined_shrine
D:5:      layout_basic, mainiacjoe_overflow_concentric_impassable,
          nicolae_overflow_crystal_walls, minmay_temple_entry_enclosed_plants,
          serial_bayou, serial_bayou_pond_c, serial_bayou_ford_a,
          serial_bayou_lake_a, serial_bayou_shore_b, serial_bayou_pond_e,
          uniq_blork_the_orc, uniq_sigmund
D:6:      layout_gridville, grunt_gozag_breadcrumbs,
          mainiacjoe_overflow_big_doors
D:7:      layout_basic, amcnicky_altar_lugonu_corruption
D:8:      layout_layer_cave, nicolae_hepliaklqana_hippocampus,
          nicolae_overflow_hidden_temple, mainiacjoe_overflow_alcove_2,
          kennysheep_flooded_box, nicolae_stop_n_shop_1, dk_noncrumbling_3,
          minmay_misc_feat_columns
D:9:      nzn_winding_woodlands_cross
          [nzn_winding_woodlands_5x15_pathside_ponds,
          nzn_winding_woodlands_5x15_river_crossing,
          nzn_winding_woodlands_5x15_lazy_stream,
          nzn_winding_woodlands_5x15_jagged,
          nzn_winding_woodlands_15x15_killbox], layout_cave_pools,
          enter_bailey_5, gammafunk_ghost_cemetery, nrook_mini_backslash

Skill      XL: |  1  2  3  4  5  6  7  8  9 |
---------------+----------------------------+-----
Dodging        | 2 3 |  3.7
Stealth        | 2 3 |  3.9
Fire Magic     | 4 5 6 |  6.9
Invocations    | 1 2 3 |  3.3
Conjurations   | 2 3 |  3.8
Fighting       | 1 2 3 |  3.4
Ranged Weapons | 1 2 3 |  3.3
Spellcasting   | 3 4 5 |  5.8
Hexes          | 1 2 |  2.6
Evocations     | 1 2 3 |  3.5
Throwing       | 1 2 |  2.9
Short Blades   | 1 2 |  2.3
Transmutations | |  0.4
Air Magic      | |  0.4
Poison Magic   | |  0.5

Action                   |  1- 3 |  4- 6 |  7- 9 || total
-------------------------+-------+-------+-------++-------
Melee: Dagger            |       |     1 |   102 ||   103
       Tailslap          |       |       |    12 ||    12
       Punch             |       |       |     1 ||     1
 Fire: Sling             |       |    44 |       ||    44
Throw: Dart              |       |       |     5 ||     5
 Cast: Foxfire           |    11 |     7 |     2 ||    20
       Scorch            |    12 |    38 |    85 ||   135
       Inner Flame       |       |     4 |     7 ||    11
       Mephitic Cloud    |       |       |     1 ||     1
       Ignite Poison     |       |       |     1 ||     1
Invok: Recall Undead Har |     3 |     6 |     2 ||    11
 Abil: Breathe Lightning |       |       |    12 ||    12
Evoke: Wand              |       |    13 |     7 ||    20
  Use: Scroll            |     2 |     9 |     8 ||    19
       Potion            |       |     1 |     5 ||     6
 Stab: Sleeping          |       |     1 |     2 ||     3
       Paralysed         |       |       |     2 ||     2
       Distracted        |       |       |     1 ||     1
Armor: Skin              |     6 |    13 |   111 ||   130
Dodge: Dodged            |     3 |    20 |   109 ||   132
